Map: Daybreak LE

Players

Leenock

  • Race: Zerg Zerg
  • Spawn Location: 7:00

Trust - Winner!

  • Race: Protoss Protoss
  • Spawn Location: 1:00

Event: IEM Season 11 - Gyeonggi

VOD

Have the link to the VOD?

Description

Time

  • Played on: Dec. 14, 2016, 12:25 a.m.
  • Length: 9:21

All games in this series

Show
View Real Time Build Order
Export as new Build Order

Leenock Zerg 

Build Orders: 3 Hatch before Pool, Zergling Baneling 

Get SALT Encoding   

  12  0:00  Drone  
  13  0:12  Overlord  
  13  0:17  Drone  
  14  0:31  Drone x2  
  14  0:35  Drone  
  17  0:52  Hatchery  
  17  0:54  Drone  
  17  0:58  Drone  
  18  1:06  Drone  
  19  1:18  Drone  
  20  1:25  Hatchery  
  19  1:28  Drone  
  20  1:38  Drone  
  21  1:43  Spawning Pool  
  20  1:50  Drone  
  20  1:51  Extractor  
  20  2:01  Drone  
  21  2:04  Drone  
  22  2:11  Overlord  
  22  2:18  Drone  
  23  2:26  Drone x2  
  23  2:29  Queen  
  25  2:30  Queen  
  25  2:36  Zergling x2  
  30  2:37  Zergling x4  
  30  2:43  Queen  
  34  2:46  Zergling x2  
  34  2:50  Metabolic Boost  
  35  2:53  Drone  
  35  2:55  Drone  
  37  2:59  Drone  
  37  3:02  Drone  
  39  3:06  Drone  
  39  3:08  Drone  
  39  3:10  Drone  
  39  3:12  Overlord  
  42  3:16  Extractor  
  42  3:23  Overlord  
  42  3:27  Baneling Nest, Extractor  
  42  3:30  Drone  
  42  3:31  Drone x3  
  44  3:36  Drone  
  44  3:37  Drone x2  
  47  3:41  Drone  
  47  3:42  Drone x2  
  47  3:48  Overlord  
  50  3:53  Drone x4  
  55  3:55  Zergling x2  
  55  4:00  Zergling x2  
  56  4:04  Evolution Chamber, Zergling x2  
  56  4:09  Zergling x2  
  57  4:10  Zergling x8  
  57  4:12  Baneling x4  
  57  4:13  Baneling  
  57  4:14  Baneling  
  61  4:19  Lair  
  61  4:22  Drone x3  
  64  4:26  Drone x2  
  64  4:30  Overlord  
  59  4:39  Drone x4  
  59  4:41  Drone  
  59  4:42  Zergling x4  
  63  4:46  Baneling  
  63  4:47  Baneling x3, Zergling x4  
  63  4:48  Zergling x4  
  67  4:58  Zerg Melee Weapons Level 1, Roach Warren  
  63  5:08  Drone x6  
  63  5:13  Drone  
  68  5:15  Drone  
  68  5:16  Drone  
  68  5:18  Zergling x4  
  68  5:21  Zergling x4  
  73  5:22  Overlord x2  
  71  5:41  Drone x7  
  72  5:44  Spire  
  72  5:46  Zergling x2  
  71  5:50  Zergling x14  
  71  5:53  Extractor x2  
  71  5:55  Hatchery  
  75  5:58  Overlord  
  75  6:02  Queen  
  75  6:04  Drone x4  
  80  6:05  Drone  
  72  6:18  Zergling x2  
  72  6:19  Zergling x8  
  69  6:25  Zergling x4  
  69  6:26  Zergling x2  
  69  6:27  Queen x2, Zergling x4  
  69  6:29  Zergling x2  
  69  6:30  Zergling x2  
  69  6:31  Zergling x4  
  69  6:42  Zergling x10  
  66  6:54  Zergling x6  
  66  6:56  Mutalisk x2  
  62  7:15  Zergling x2  
  62  7:16  Zergling x12  
  65  7:23  Zergling x4  
  65  7:27  Zergling x6  
  69  7:38  Drone x4  
  69  7:39  Drone  
  68  7:46  Drone x6  
  68  7:48  Drone  
  68  7:49  Drone  
  68  7:51  Drone  
  68  7:54  Drone  
  69  7:59  Drone  
  69  8:02  Drone x2  
  72  8:06  Drone  
  72  8:08  Extractor  
  72  8:14  Hatchery  
  72  8:19  Drone x2  
  70  8:21  Hydralisk Den  
  70  8:26  Drone x2  
  70  8:27  Drone x3  
  70  8:28  Drone x3  
  70  8:29  Drone  
  70  8:30  Drone  
  70  8:33  Drone, Extractor x2  
  74  8:36  Drone  
  74  8:38  Drone x2  
  77  8:45  Zergling x10  
  77  8:46  Zergling x2  
  77  8:47  Zergling x2  
  77  8:48  Zergling x2  
  85  8:49  Zergling x2  
  85  8:55  Zergling x2  
  87  9:02  Overlord  
Show
View Real Time Build Order
Export as new Build Order

Trust Protoss - Winner!

Build Orders: 1 Gate Expand, Mass Adepts 

Get SALT Encoding   

  12  0:00  Probe (Chrono Boost)  
  13  0:11  Probe (Chrono Boost)  
  14  0:17  Pylon  
  14  0:22  Probe (Chrono Boost)  
  15  0:36  Gateway, Probe (Chrono Boost)  
  15  0:41  Assimilator  
  16  0:47  Probe (Chrono Boost)  
  17  0:58  Probe (Chrono Boost)  
  18  1:08  Probe (Chrono Boost)  
  19  1:19  Nexus  
  19  1:29  Cybernetics Core  
  19  1:31  Probe (Chrono Boost)  
  20  1:37  Assimilator  
  20  1:42  Probe (Chrono Boost)  
  21  1:48  Pylon  
  21  1:53  Probe (Chrono Boost)  
  22  2:03  Probe (Chrono Boost)  
  22  2:06  Warp Gate (Chrono Boost), Adept (Chrono Boost)  
  25  2:14  Probe  
  26  2:20  Twilight Council  
  26  2:28  Adept (Chrono Boost)  
  26  2:35  Probe  
  29  2:43  Probe  
  30  2:47  Probe  
  30  2:49  Resonating Glaives  
  31  2:53  Gateway  
  31  2:56  Gateway  
  31  3:06  Probe (Chrono Boost)  
  31  3:09  Probe  
  33  3:13  Adept  
  33  3:18  Probe  
  36  3:21  Probe  
  37  3:30  Probe  
  37  3:31  Robotics Facility  
  38  3:39  Probe, Pylon  
  39  3:43  Probe  
  40  3:51  Probe (Chrono Boost)  
  42  3:55  Probe (Chrono Boost)  
  42  3:59  Adept x3  
  48  4:07  Pylon  
  48  4:09  Probe (Chrono Boost), Mothership Core (Chrono Boost)  
  51  4:14  Pylon  
  51  4:19  Warp Prism (Chrono Boost)  
  51  4:20  Probe  
  54  4:29  Adept x3  
  54  4:42  Probe x2  
  52  4:47  Nexus  
  52  4:56  Adept x2  
  52  4:57  Adept  
  56  5:11  Pylon  
  54  5:17  Adept x3  
  54  5:19  Probe x2  
  60  5:27  Assimilator  
  60  5:28  Observer (Chrono Boost)  
  61  5:30  Assimilator  
  61  5:32  Blink  
  57  5:45  Probe x2  
  57  5:47  Immortal (Chrono Boost)  
  61  5:53  Pylon  
  61  5:58  Probe x2  
  61  5:59  Adept x3  
  61  6:03  Forge  
  69  6:05  Probe  
  69  6:10  Probe  
  69  6:20  Adept x3  
  69  6:24  Gateway  
  73  6:26  Gateway  
  73  6:29  Probe  
  74  6:45  Adept x3  
  80  6:48  Gateway x2  
  80  6:49  Protoss Ground Weapons Level 1  
  78  6:54  Probe x2  
  78  7:00  Probe  
  78  7:01  Immortal (Chrono Boost)  
  78  7:06  Probe x2  
  81  7:13  Adept x2  
  81  7:14  Adept  
  83  7:26  Stargate  
  83  7:27  Stargate  
  83  7:31  Stalker x2  
  85  7:37  Stalker x3  
  83  7:52  Photon Cannon  
  83  7:53  Probe  
  83  7:54  Probe x2  
  83  7:55  Pylon  
  80  8:00  Pylon  
  80  8:02  Assimilator  
  80  8:03  Probe  
  81  8:06  Probe x2  
  81  8:07  Assimilator  
  81  8:09  Photon Cannon  
  81  8:10  Phoenix x2 (Chrono Boost)  
  86  8:21  Probe x2  
  86  8:26  Warp Prism (Chrono Boost)  
  90  8:36  Stalker x5  
  90  8:37  Stalker  
  90  8:41  Stalker  
  104  8:54  Pylon  
  104  9:00  Templar Archives  

Tags
 
Add a new tag
Caveats
  • Supply blocks, unpowered buildings, or Contaminate may cause inaccurate times.
  • Supply counts are checked every 10 seconds.